ITL
BIRMINGHAM BARONS @ HAVANA ROLLERS
09/15/2027
 
TOP OF THE 1ST
Birmingham Barons batting - Pitching for Havana Rollers : RHP Pablo Sifventes
Pitching: RHP Pablo Sifventes
Batting: RHB Vicente Carona 0-0: Ball
1-0: SOLO HOME RUN (Flyball, 9D), Distance : 403 ft
Batting: RHB Warren Martin 0-0: Foul Ball, location: 2F
0-1: Called Strike
0-2: Strikes out swinging
Batting: RHB Todd Rogers 0-0: Ball
1-0: Foul Ball, location: 2F
1-1: Ball
2-1: Ball
3-1: Foul Ball, location: 2F
3-2: Strikes out looking
Batting: SHB Anastasio Ortíz 0-0: Swinging Strike
0-1: Ball
1-1: Ball
2-1: Ball
3-1: Foul Ball, location: 2F
3-2: DOUBLE (Line Drive, 9LM)
Batting: RHB Jean-Paul St-Pierre 0-0: Ball
1-0: Called Strike
1-1: Called Strike
1-2: Foul Ball, location: 2F
1-2: Ball
2-2: DOUBLE (Line Drive, 9D)
Anastasio Ortíz scores
Batting: RHB Peyton Yardley 0-0: Foul Ball, location: 2F
0-1: Ball
1-1: Foul Ball, location: 2F
1-2: TRIPLE (Flyball, 8LD)
Jean-Paul St-Pierre scores
Batting: LHB John Haney 0-0: Ball
1-0: Ball
2-0: Ball
Wild Pitch!
Peyton Yardley scores
3-0: Called Strike
3-1: Called Strike
3-2: Base on Balls
Batting: RHB Juan Jiménez 0-0: Swinging Strike
0-1: Ball
1-1: Ball
2-1: Fly out, F7 (Flyball, 7D)
Top of the 1st over - 4 run(s), 4 hit(s), 0 error(s), 1 left on base; Birmingham 4 - Havana 0
BOTTOM OF THE 1ST
Havana Rollers batting - Pitching for Birmingham Barons : RHP Pedro Valdés
Pitching: RHP Pedro Valdés
Batting: LHB José Torres 0-0: Ball
1-0: Foul Ball, location: 2F
1-1: Ball
2-1: Foul Ball, location: 2F
2-2: Foul Ball, location: 2F
2-2: Foul Ball, location: 2F
2-2: Strikes out swinging
Batting: RHB Jack Bailey 0-0: Ball
1-0: Called Strike
1-1: Ball
2-1: Foul Ball, location: 2F
2-2: Foul Ball, location: 2F
2-2: SINGLE (Flyball, 9S)
Batting: SHB Chris Bennis 0-0: Called Strike
0-1: Ball
1-1: Foul Ball, location: 2F
1-2: Strikes out swinging
Batting: LHB Jimmy Husted 0-0: Called Strike
0-1: Called Strike
0-2: DOUBLE (Flyball, 9LM)
Jack Bailey to third
Jack Bailey scores
Batting: LHB Phil Smith 0-0: Foul Ball, location: 2F
0-1: Called Strike
0-2: Ball
1-2: Fly out, F8 (Flyball, 89XD)
Bottom of the 1st over - 1 run(s), 2 hit(s), 0 error(s), 1 left on base; Birmingham 4 - Havana 1
TOP OF THE 2ND
Birmingham Barons batting - Pitching for Havana Rollers : RHP Pablo Sifventes
Batting: RHB Vicente Elías 0-0: Called Strike
0-1: Swinging Strike
0-2: Ball
1-2: Strikes out looking
Batting: RHB Vicente Carona 0-0: Ground out 5-3 (Groundball, 5S)
Batting: RHB Warren Martin 0-0: SOLO HOME RUN (Flyball, 78XD), Distance : 404 ft
Batting: RHB Todd Rogers 0-0: Fly out, F7 (Flyball, 78D)
Top of the 2nd over - 1 run(s), 1 hit(s), 0 error(s), 0 left on base; Birmingham 5 - Havana 1
BOTTOM OF THE 2ND
Havana Rollers batting - Pitching for Birmingham Barons : RHP Pedro Valdés
Batting: RHB Francisco Rincón 0-0: Ball
1-0: Ball
2-0: Called Strike
2-1: Ball
3-1: Foul Ball, location: 2F
3-2: Base on Balls
Batting: RHB Ed Sims 0-0: Ball
1-0: Ball
2-0: Ball
3-0: Base on Balls
Francisco Rincón to second
Batting: LHB Dave Gordon 0-0: Ball
1-0: Foul Ball, location: 2F
1-1: Ground out 6-3 (Groundball, 56D)
Francisco Rincón to third
Ed Sims to second
Batting: LHB Juan Romero 0-0: Swinging Strike
0-1: Fly out, F7 (Flyball, 7LMF)
Throwing error, E7
Francisco Rincón scores
Ed Sims to third
Batting: LHB José Torres 0-0: Called Strike
0-1: Ball
1-1: Swinging Strike
1-2: Strikes out swinging
Bottom of the 2nd over - 1 run(s), 0 hit(s), 1 error(s), 1 left on base; Birmingham 5 - Havana 2
TOP OF THE 3RD
Birmingham Barons batting - Pitching for Havana Rollers : RHP Pablo Sifventes
Batting: SHB Anastasio Ortíz 0-0: Ball
1-0: Foul Ball, location: 2F
1-1: SINGLE (Line Drive, 6D)
Batting: RHB Jean-Paul St-Pierre 0-0: Called Strike
0-1: Ball
1-1: 2-RUN HOME RUN (Flyball, 7D), Distance : 369 ft
Pitching: RHP Tu-fu Zhou
Batting: RHB Peyton Yardley 0-0: Foul Ball, location: 2F
0-1: DOUBLE (Line Drive, 7LM)
Batting: LHB John Haney 0-0: Ground out 6-3 (Groundball, 56)
Batting: RHB Juan Jiménez 0-0: Ball
1-0: 2-RUN HOME RUN (Flyball, 8LXD), Distance : 432 ft
Batting: RHB Vicente Elías 0-0: Ball
1-0: Ball
2-0: Foul Ball, location: 2F
2-1: Fly out, F9 (Flyball, 9LM)
Batting: RHB Vicente Carona 0-0: Called Strike
0-1: Foul Ball, location: 2F
0-2: SINGLE (Line Drive, 6MD)
Batting: RHB Warren Martin 0-0: Called Strike
0-1: Ball
1-1: SINGLE (Line Drive, 89S)
Vicente Carona to second
Batting: RHB Todd Rogers 0-0: Called Strike
0-1: DOUBLE (Flyball, 78XD)
Vicente Carona scores
Warren Martin to third
Pitching: RHP Ron Henningar
Batting: SHB Anastasio Ortíz 0-0: Ball
1-0: Ball
2-0: Called Strike
2-1: Ground out 4-3 (Groundball, 34)
Top of the 3rd over - 5 run(s), 7 hit(s), 0 error(s), 2 left on base; Birmingham 10 - Havana 2
BOTTOM OF THE 3RD
Havana Rollers batting - Pitching for Birmingham Barons : RHP Pedro Valdés
Batting: RHB Jack Bailey 0-0: Foul Ball, location: 2F
0-1: Ball
1-1: Called Strike
1-2: Foul Ball, location: 2F
1-2: Ground out 6-3 (Groundball, 6)
Batting: SHB Chris Bennis 0-0: Called Strike
0-1: Ball
1-1: SINGLE (Line Drive, 8RS)
Batting: LHB Jimmy Husted 0-0: Swinging Strike
0-1: Ball
1-1: Ball
2-1: Fly out, F7 (Flyball, 7LMF)
Batting: LHB Phil Smith 0-0: Foul Ball, location: 2F
0-1: Ball
1-1: Fly out, F7 (Flyball, 78S)
Bottom of the 3rd over - 0 run(s), 1 hit(s), 0 error(s), 1 left on base; Birmingham 10 - Havana 2
TOP OF THE 4TH
Birmingham Barons batting - Pitching for Havana Rollers : RHP Ron Henningar
Batting: RHB Jean-Paul St-Pierre 0-0: Ball
1-0: Hit by Pitch
Batting: RHB Peyton Yardley 0-0: Ball
1-0: Fly out, F8 (Flyball, 8RD)
Batting: LHB John Haney 0-0: Ball
1-0: Ball
2-0: Called Strike
2-1: Called Strike
2-2: Foul Ball, location: 2F
2-2: Strikes out swinging
Batting: RHB Juan Jiménez 0-0: Fielders Choice at 2nd, 5-4 (Groundball, 56)
Top of the 4th over - 0 run(s), 0 hit(s), 0 error(s), 0 left on base; Birmingham 10 - Havana 2
BOTTOM OF THE 4TH
Havana Rollers batting - Pitching for Birmingham Barons : RHP Pedro Valdés
Batting: RHB Francisco Rincón 0-0: Ball
1-0: Foul Ball, location: 2F
1-1: Ball
2-1: Ground out 6-3 (Groundball, 6)
Batting: RHB Ed Sims 0-0: SINGLE (Groundball, 6MD)
Batting: LHB Dave Gordon 0-0: SINGLE (Flyball, 8LS)
Ed Sims to second
Batting: LHB Juan Romero 0-0: Ball
1-0: Called Strike
1-1: SINGLE (Flyball, 89S)
Ed Sims to third
Dave Gordon to second
Batting: LHB José Torres 0-0: Ball
1-0: Grounds out, U3 (Groundball, 3L)
Ed Sims scores
Dave Gordon to third
Batting: RHB Jack Bailey 0-0: Ball
1-0: Fly out, F4 (Line Drive, 4)
Bottom of the 4th over - 1 run(s), 3 hit(s), 0 error(s), 2 left on base; Birmingham 10 - Havana 3
TOP OF THE 5TH
Birmingham Barons batting - Pitching for Havana Rollers : RHP Ron Henningar
Batting: RHB Vicente Elías 0-0: Ground out 1-3 (Groundball, 13)
Batting: RHB Vicente Carona 0-0: Foul Ball, location: 2F
0-1: Called Strike
0-2: Strikes out looking
Batting: RHB Warren Martin 0-0: Foul Ball, location: 2F
0-1: Ground out 6-3 (Groundball, 6)
Top of the 5th over - 0 run(s), 0 hit(s), 0 error(s), 0 left on base; Birmingham 10 - Havana 3
BOTTOM OF THE 5TH
Havana Rollers batting - Pitching for Birmingham Barons : RHP Pedro Valdés
Batting: SHB Chris Bennis 0-0: Ball
1-0: Ball
2-0: Called Strike
2-1: Ball
3-1: Called Strike
3-2: Foul Ball, location: 2F
3-2: Fly out, F9 (Flyball, 9)
Batting: LHB Jimmy Husted 0-0: Ball
1-0: Foul Ball, location: 2F
1-1: Foul Ball, location: 2F
1-2: Foul Ball, location: 2F
1-2: Ball
2-2: Strikes out swinging
Batting: LHB Phil Smith 0-0: Ball
1-0: Ball
2-0: Ball
3-0: Base on Balls
Batting: RHB Francisco Rincón 0-0: Fielders Choice at 2nd, 4-6 (Groundball, 4)
Bottom of the 5th over - 0 run(s), 0 hit(s), 0 error(s), 0 left on base; Birmingham 10 - Havana 3
TOP OF THE 6TH
Birmingham Barons batting - Pitching for Havana Rollers : RHP Ron Henningar
Batting: RHB Todd Rogers 0-0: Foul Ball, location: 2F
0-1: Ball
1-1: SINGLE (Line Drive, 6MD)
Batting: SHB Anastasio Ortíz 0-0: Foul Ball, location: 2F
0-1: Ball
1-1: Fielders Choice at 2nd, 6-4 (Groundball, 6M)
Batting: RHB Jean-Paul St-Pierre 0-0: Ball
1-0: Called Strike
1-1: Ball
2-1: Ball
3-1: Fly out, F9 (Line Drive, 9)
Batting: RHB Peyton Yardley 0-0: Called Strike
0-1: Swinging Strike
0-2: Foul Ball, location: 2F
0-2: Fielders Choice at 2nd, 6-4 (Groundball, 6)
Top of the 6th over - 0 run(s), 1 hit(s), 0 error(s), 0 left on base; Birmingham 10 - Havana 3
BOTTOM OF THE 6TH
Havana Rollers batting - Pitching for Birmingham Barons : RHP Pedro Valdés
Batting: RHB Ed Sims 0-0: Ball
1-0: Foul Ball, location: 2F
1-1: Ball
2-1: Ball
3-1: Base on Balls
Batting: LHB Dave Gordon 0-0: Ball
1-0: Called Strike
Ed Sims steals 2nd base
1-1: SINGLE (Flyball, 7S)
Ed Sims to third
Runner from 3rd tries for Home, throw and OUT!
Batting: LHB Juan Romero 0-0: Fly out, F2 (Popup, 23)
Batting: LHB José Torres 0-0: Ball
1-0: Ball
2-0: Foul Ball, location: 2F
2-1: Ball
3-1: Called Strike
3-2: Foul Ball, location: 2F
3-2: Foul Ball, location: 2F
3-2: Base on Balls
Dave Gordon to second
Pitching: RHP César Morín
Batting: RHB Jack Bailey 0-0: Ball
1-0: Foul Ball, location: 2F
1-1: Ball
2-1: Foul Ball, location: 2F
2-2: Strikes out looking
Bottom of the 6th over - 0 run(s), 1 hit(s), 0 error(s), 2 left on base; Birmingham 10 - Havana 3
TOP OF THE 7TH
Birmingham Barons batting - Pitching for Havana Rollers : RHP Ron Henningar
Pitching: RHP Howard Baker
Batting: LHB John Haney 0-0: Called Strike
0-1: Ball
1-1: Foul Ball, location: 2F
1-2: Strikes out swinging
Batting: RHB Juan Jiménez 0-0: Ball
1-0: SOLO HOME RUN (Flyball, 7D), Distance : 393 ft
Batting: RHB Vicente Elías 0-0: Ball
1-0: Ball
2-0: Called Strike
2-1: Ground out 5-3 (Groundball, 56S)
Batting: RHB Vicente Carona 0-0: Swinging Strike
0-1: Swinging Strike
0-2: Ball
1-2: Strikes out swinging
Top of the 7th over - 1 run(s), 1 hit(s), 0 error(s), 0 left on base; Birmingham 11 - Havana 3
BOTTOM OF THE 7TH
Havana Rollers batting - Pitching for Birmingham Barons : RHP César Morín
Batting: SHB Chris Bennis 0-0: Foul Ball, location: 2F
0-1: Swinging Strike
0-2: Strikes out looking
Batting: LHB Jimmy Husted 0-0: Ball
1-0: Swinging Strike
1-1: Fly out, F8 (Flyball, 8RD)
Batting: LHB Phil Smith 0-0: Foul Ball, location: 2F
0-1: Ball
1-1: Foul Ball, location: 2F
1-2: Fly out, F7 (Flyball, 78D)
Bottom of the 7th over - 0 run(s), 0 hit(s), 0 error(s), 0 left on base; Birmingham 11 - Havana 3
TOP OF THE 8TH
Birmingham Barons batting - Pitching for Havana Rollers : RHP Howard Baker
Batting: RHB Warren Martin 0-0: Ball
1-0: Ball
2-0: Foul Ball, location: 2F
2-1: Ball
3-1: Base on Balls
Batting: RHB Todd Rogers 0-0: Called Strike
0-1: Swinging Strike
0-2: Ball
1-2: Strikes out swinging
Batting: SHB Anastasio Ortíz 0-0: Fly out, F7 (Flyball, 7S)
Batting: RHB Jean-Paul St-Pierre 0-0: Ball
1-0: Called Strike
Warren Martin steals 2nd base
1-1: Called Strike
1-2: Foul Ball, location: 2F
1-2: Foul Ball, location: 2F
1-2: SINGLE (Flyball, 9S)
Warren Martin to third
Runner from 3rd tries for Home, SAFE, no throw
Batting: RHB Peyton Yardley 0-0: Called Strike
0-1: Ball
1-1: Foul Ball, location: 2F
1-2: Ball
2-2: Foul Ball, location: 2F
2-2: Strikes out looking
Top of the 8th over - 1 run(s), 1 hit(s), 0 error(s), 1 left on base; Birmingham 12 - Havana 3
BOTTOM OF THE 8TH
Havana Rollers batting - Pitching for Birmingham Barons : RHP César Morín
Batting: RHB Francisco Rincón 0-0: Ball
1-0: Fly out, F9 (Flyball, 89M)
Batting: RHB Ed Sims 0-0: Ball
1-0: Ball
2-0: Fly out, F3 (Popup, 3S)
Batting: LHB Dave Gordon 0-0: Called Strike
0-1: Called Strike
0-2: Ball
1-2: Fly out, F7 (Flyball, 7LM)
Bottom of the 8th over - 0 run(s), 0 hit(s), 0 error(s), 0 left on base; Birmingham 12 - Havana 3
TOP OF THE 9TH
Birmingham Barons batting - Pitching for Havana Rollers : RHP Howard Baker
Batting: LHB John Haney 0-0: Called Strike
0-1: Fly out, F8 (Flyball, 89M)
Batting: RHB Juan Jiménez 0-0: Ball
1-0: Ball
2-0: Foul Ball, location: 2F
2-1: Ball
3-1: Base on Balls
Batting: RHB Vicente Elías 0-0: Called Strike
0-1: SINGLE (Line Drive, 7S)
Juan Jiménez to second
Batting: RHB Vicente Carona 0-0: Foul Ball, location: 2F
0-1: Foul Ball, location: 2F
0-2: Ball
1-2: Fly out, F8 (Line Drive, 8LS)
Batting: RHB Warren Martin 0-0: Foul Ball, location: 2F
0-1: Ball
1-1: Ball
2-1: Called Strike
2-2: Ball
3-2: Fly out, F7 (Flyball, 7D)
Top of the 9th over - 0 run(s), 1 hit(s), 0 error(s), 2 left on base; Birmingham 12 - Havana 3
BOTTOM OF THE 9TH
Havana Rollers batting - Pitching for Birmingham Barons : RHP César Morín
Now in LF: Pete Smith
Batting: LHB Juan Romero 0-0: Ball
1-0: Called Strike
1-1: Ground out 6-3 (Groundball, 6S)
Batting: LHB José Torres 0-0: Fly out, F9 (Flyball, 89S)
Batting: RHB Jack Bailey 0-0: Ball
1-0: Ball
2-0: Ground out 5-3 (Groundball, 56)
Bottom of the 9th over - 0 run(s), 0 hit(s), 0 error(s), 0 left on base; Birmingham 12 - Havana 3
Thursday, March 30th, 2017 - OOTP Baseball 17.12 Build 75